Map: Dragon Scales LE

Players

A.I. 1 (Elite)

  • Race: Terran Terran
  • Spawn Location: 5:00

ZoRo - Winner!

  • Race: Zerg Zerg
  • League: Master
  • Spawn Location: 11:00

VOD

Have the link to the VOD?

Description

Time

  • Played on: April 25, 2023, 5:35 p.m.
  • Length: 6:11
Show
View Real Time Build Order
Export as new Build Order

A.I. 1 (Elite) Terran 

Build Orders: 2 Factory 

Get SALT Encoding   

  12  0:00  SCV  
  13  0:13  SCV  
  14  0:18  Supply Depot  
  14  0:25  SCV  
  15  0:40  SCV  
  16  0:44  Barracks  
  16  0:52  SCV  
  17  1:04  SCV  
  18  1:16  SCV  
  18  1:17  Supply Depot  
  19  1:21  Refinery  
  19  1:28  SCV  
  19  1:32  Marine  
  21  1:40  SCV  
  22  1:49  Refinery  
  22  1:50  Marine  
  22  1:52  SCV  
  24  2:05  SCV  
  24  2:07  Marine  
  26  2:17  SCV  
  26  2:20  Factory  
  27  2:25  Marine  
  27  2:29  SCV  
  29  2:38  Factory  
  29  2:41  Supply Depot, SCV  
  29  2:43  Marine  
  31  2:46  Barracks  
  31  2:53  Orbital Command  
  31  3:03  Marine  
  32  3:05  Starport  
  32  3:18  Supply Depot  
  32  3:21  Barracks Tech Lab  
  32  3:32  Marine  
  33  3:39  Marine  
  34  3:42  Medivac  
  34  3:43  Stimpack  
  34  3:48  Supply Depot  
  36  3:51  Barracks Tech Lab  
  36  3:53  SCV  
  37  3:57  Marine  
  37  4:00  Supply Depot  
  38  4:09  Marine  
  39  4:12  Medivac  
  39  4:15  Marine  
  42  4:21  Combat Shield  
  42  4:37  Barracks  
  42  4:40  Marine  
  42  4:41  Hellion x2  
  42  4:42  Medivac  
  49  4:59  Command Center  
  49  5:02  Hellion  
  49  5:03  Factory Tech Lab  
  51  5:21  Supply Depot, Hellion  
  53  5:24  Hellion  
  53  5:27  Engineering Bay  
  55  5:36  Marauder  
  55  5:38  Marine  
  55  5:41  Marine  
  46  5:43  Hellion  
  40  5:58  SCV  
Show
View Real Time Build Order
Export as new Build Order

ZoRo Zerg - Winner!

Build Orders: Hatch First 

Get SALT Encoding   

  12  0:00  Drone  
  13  0:12  Overlord  
  13  0:18  Drone  
  14  0:30  Drone x2  
  16  0:48  Hatchery  
  15  0:51  Drone  
  15  0:55  Drone  
  17  0:58  Drone  
  18  1:09  Extractor  
  17  1:13  Spawning Pool  
  17  1:16  Drone  
  17  1:20  Drone  
  18  1:28  Drone  
  19  1:38  Drone  
  20  1:49  Overlord  
  20  2:00  Queen x2  
  24  2:01  Zergling x4  
  26  2:11  Drone  
  26  2:12  Drone  
  28  2:21  Drone  
  29  2:23  Drone  
  29  2:28  Metabolic Boost  
  30  2:36  Queen x2  
  34  2:41  Overlord  
  34  2:42  Overlord  
  34  2:58  Hatchery  
  34  3:01  Drone x2  
  34  3:03  Drone  
  36  3:07  Drone  
  36  3:08  Drone  
  36  3:10  Drone  
  39  3:13  Drone  
  39  3:15  Drone  
  39  3:17  Drone  
  42  3:20  Drone  
  42  3:22  Drone  
  42  3:25  Extractor  
  43  3:30  Roach Warren  
  42  3:43  Overlord  
  42  3:44  Overlord x2  
  42  4:18  Roach  
  42  4:19  Roach x10  
  42  4:21  Roach  
  66  4:26  Zergling x2  
  66  4:27  Zergling x6  
  66  4:28  Zergling x2  
  71  4:32  Overlord  
  71  4:34  Zergling x2  
  71  4:36  Zergling x2  
  73  4:44  Zergling x6  
  76  4:51  Zergling x2  
  76  4:52  Zergling x8  
  81  4:55  Overlord  
  81  4:58  Zergling x2  
  83  5:00  Zergling x2  
  83  5:02  Zergling x2  
  83  5:05  Zergling x2  
  85  5:12  Zergling x6  
  85  5:13  Zergling x2  
  89  5:14  Ravager x3  
  89  5:16  Ravager  
  89  5:18  Zergling x2  
  94  5:23  Zergling x4  
  96  5:34  Zergling x2  
  96  5:35  Zergling x4  
  98  5:40  Zergling x8  
  98  5:41  Zergling x4  
  97  5:54  Zergling x2  
Tags
 
Add a new tag
Caveats
  • Supply blocks, unpowered buildings, or Contaminate may cause inaccurate times.
  • Supply counts are checked every 10 seconds.